 Dungeon Crawl Stone Soup version 0.22.0 (webtiles) character file.

11853 Htamos the Destroyer (level 11, -8/95 HPs)
             Began as a Centaur Conjurer on Aug 10, 2018.
             Was an Elder of Vehumet.
             Mangled by a seven-headed hydra (9 damage)
             ... on level 11 of the Dungeon.
             The game lasted 00:56:07 (17714 turns).

Htamos the Destroyer (Centaur Conjurer)            Turns: 17714, Time: 00:56:08

Health: -8/95      AC: 15    Str: 12    XL:     11   Next: 54%
Magic:  24/24      EV:  8    Int: 19    God:    Vehumet [****..]
Gold:   1426       SH:  0    Dex:  9    Spells: 4/28 levels left

rFire    + . .     SeeInvis .   G - +1 scimitar (flame)
rCold    + . .     Gourm    .   (no shield)
rNeg     . . .     Faith    .   I - +2 robe {rC+ rF+}
rPois    .         Spirit   .   e - +0 helmet
rElec    .         Reflect  .   b - +0 cloak
rCorr    .         Harm     .   E - +0 pair of gloves
MR       .....                  j - +0 centaur barding
Stlth    +.........             (no amulet)
HPRegen  0.25/turn              w - +2 ring of protection
MPRegen  0.19/turn              f - +2 ring of intelligence

@: very quick
A: large, hooves 3, deformed body, speed 2, tough skin 3
a: Renounce Religion


You were on level 11 of the Dungeon.
You worshipped Vehumet.
Vehumet was greatly pleased with you.
You were very hungry.

You visited 2 branches of the dungeon, and saw 12 of its levels.

You collected 1426 gold pieces.

Inventory:

Hand Weapons
 h - a +5 short sword of protection
 G - a +1 scimitar of flaming (weapon)
Missiles
 F - 66 stones (quivered)
Armour
 b - a +0 cloak (worn)
 e - a +0 helmet (worn)
 j - a +0 centaur barding (worn)
 x - the cursed +0 helmet "Wywun" {*Contam Str+4 Int+2, unknown}
   (You found it on level 11 of the Dungeon)

   It affects your strength (+4).
   It affects your intelligence (+2).
   It causes magical contamination when unequipped.
   It has a curse placed upon it.
 E - a +0 pair of gloves (worn)
 I - a +2 robe of resistance (worn)
Jewellery
 f - a +2 ring of intelligence (right hand)
 r - an uncursed ring of stealth
 t - an uncursed amulet of the gourmand {unknown}
 w - a +2 ring of protection (left hand)
 y - an uncursed amulet of harm {unknown}
Wands
 o - a wand of scattershot (2)
Scrolls
 g - a scroll of enchant weapon
 i - a scroll of teleportation
 k - 4 scrolls of remove curse
 n - 2 scrolls of amnesia
 s - a scroll of immolation
 C - a scroll of magic mapping
Potions
 d - 4 potions of curing
 l - 2 potions of mutation
 q - 2 potions of brilliance
 u - a potion of flight
 v - 2 potions of lignification
 D - a potion of degeneration
Comestibles
 c - 12 rations


   Skills:
 + Level 8.3 Fighting
 - Level 5.3 Short Blades
 - Level 1.6 Dodging
 - Level 1.1 Stealth
 * Level 9.0 Spellcasting
 * Level 9.5 Conjurations
 + Level 2.6 Hexes
 - Level 2.0 Earth Magic


You had 4 spell levels left.
You knew the following spells:

 Your Spells              Type           Power        Failure   Level  Hunger
a - Magic Dart            Conj           ####         1%          1    None
b - Sandblast             Erth           ###...       1%          1    None
c - Shock                 Conj/Air       ####         1%          1    None
d - Static Discharge      Conj/Air       ####....     1%          3    None
e - Stone Arrow           Conj/Erth      ####..       1%          3    None
f - Iskenderun's Mystic   Conj           #####...     1%          4    ###....
g - Fulminant Prism       Conj/Hex       ####......   1%          4    ###....
h - Ensorcelled Hibernat  Hex/Ice        ##....       7%          2    None
i - Corona                Hex            ###....      2%          1    None
j - Airstrike             Air            #.........   21%         4    ###....

Your spell library contained the following spells:

 Spells                   Type           Power        Failure   Level  Hunger
 Bolt of Magma            Conj/Fire/Erth ###.......   13%         5    #####..
 Confuse                  Hex            ###.....     9%          3    None
 Venom Bolt               Conj/Pois      ####......   9%          5    #####..
 Tukima's Dance           Hex            ###.....     9%          3    None
 Iron Shot                Conj/Erth      ####......   28%         6    ######.
 Confusing Touch          Hex            ###...       2%          1    None
 Metabolic Englaciation   Hex/Ice        ##........   78%         5    #####..
 Petrify                  Tmut/Erth      ##......     47%         4    ###....
 Orb of Destruction       Conj           #####.....   32%         7    #######
 Iskenderun's Battlesphe  Conj/Chrm      ####....     9%          5    #####..
 Dazzling Spray           Conj/Hex       ####..       1%          3    None
 Force Lance              Conj/Tloc      ####....     3%          4    ###....
 Searing Ray              Conj           #####.       1%          2    None
 Spellforged Servitor     Conj/Summ      ####......   90%         7    #######
 Gell's Gravitas          Tloc           #.........   24%         3    None
 Yara's Violent Unravell  Hex/Tmut       ##........   32%         5    #####..


Dungeon Overview and Level Annotations

Branches:
Dungeon (11/15)            Temple (1/1) D:6            Lair (0/6) D:11
    Orc: D:9-12

Altars:
Ashenzari
Dithmenos
Hepliaklqana
Kikubaaqudgha
Nemelex Xobeh
Ru
Vehumet
Xom
Zin
The Shining One

Shops:
D:5 :   D:10 [   D:11 *

Annotations:
D:10 exclusion: 3 lindwurms
D:11 exclusion: oklob plant, Sonja


Innate Abilities, Weirdness & Mutations

You have hooves in place of feet.
Armour fits poorly on your strangely shaped body.
You cover ground very quickly.
You have extremely tough skin. (AC +3)


Message History

Press: ? - help, Shift-Dir - straight line, f - orc, p - seven-headed hydra
Aim: an orc, wielding a flail (heavily wounded)
The burst of metal fragments hits the orc.
You kill the orc!
Vehumet accepts your kill.
The burst of metal fragments hits Sonja.
Sonja is lightly wounded.
You hear a shout!
Sonja gestures wildly while chanting.
Sonja blinks!
The seven-headed hydra bites you!
* * * LOW HITPOINT WARNING * * *
The seven-headed hydra bites you but does no damage.
The seven-headed hydra bites you!
* * * LOW HITPOINT WARNING * * *
The seven-headed hydra bites you!
* * * LOW HITPOINT WARNING * * *
The seven-headed hydra bites you.
* * * LOW HITPOINT WARNING * * *
The seven-headed hydra bites you!
You die...

#.....### ###########
#..K..... .......รท...
#.....###+###........
+...o.# ##.......
#...O.# #........
#.....# ##.......
####'## ######## #)# #
#@# ### #D# #.. #.# ##.#
#.# #..# #.# #####.##
#.# #.......
#######.##### #.......
............#####.......
#######.###....##.......


You could see a seven-headed hydra, Sonja, an orc warrior and an ogre.

Vanquished Creatures
  Fannar (D:10)
  A hydra (D:11)
  A centaur warrior (D:8)
  A two-headed ogre (D:8)
  Erica (D:8)
  An oklob plant (D:11)
  Joseph (D:9)
  Psyche (D:10)
  Prince Ribbit (D:6)
  4 hippogriffs
  A hog (shapeshifter) (D:8)
  A wyvern (D:10)
  5 yaks
  2 soldier ants
  A black bear (D:6)
  2 sky beasts
  6 orc warriors
  An ice beast (D:11)
  A hornet zombie (D:9)
  2 phantoms
  6 ogres
  3 centaurs
  3 big kobolds
  8 bullfrogs
  A wyvern zombie (D:8)
  8 wights
  4 scorpions
  4 howler monkeys
  8 crimson imps
  3 centaur zombies
  A bullfrog zombie (D:6)
  A quasit (D:6)
  7 hounds
  8 orc wizards
  3 centaur skeletons
  3 jellies
  8 orc priests
  An iguana (D:4)
  A bullfrog skeleton (D:11)
  9 worker ants
  A hound zombie (D:5)
  3 gnolls (D:5)
  9 adders
  2 shadow imps
  An ooze (D:2)
  An adder zombie (D:8)
  A worm (D:4)
  An adder skeleton (D:4)
  A dart slug (D:3)
  3 leopard geckos
  50 orcs
  6 bats
  4 giant cockroaches
  A hobgoblin (D:3)
  7 jackals
  12 kobolds
  3 quokkas
  5 frilled lizards
  7 goblins
  A jackal skeleton (D:4)
  A jackal zombie (D:8)
  A leopard gecko skeleton (D:4)
  A leopard gecko zombie (D:6)
  A quokka zombie (D:4)
  5 rats
253 creatures vanquished.

Vanquished Creatures (others)
  A worm (D:3)
  A rat (D:3)
  3 fulminant prisms (D:10)
  2 plants (D:11)
7 creatures vanquished.

Grand Total: 260 creatures vanquished

Notes
Turn   | Place    | Note
-------+----------+-------------------------------------------
     0 | D:1      | Htamos the Centaur Conjurer began the quest for the Orb.
     0 | D:1      | Reached XP level 1. HP: 14/14 MP: 3/3
   291 | D:1      | Reached XP level 2. HP: 20/20 MP: 0/4
  1374 | D:2      | Reached XP level 3. HP: 24/27 MP: 0/6
  1849 | D:3      | Found a radiant altar of Vehumet.
  1920 | D:3      | Reached skill level 1 in Fighting
  2176 | D:3      | Reached XP level 4. HP: 32/35 MP: 1/8
  3050 | D:3      | Became a worshipper of Vehumet
  3535 | D:4      | Reached XP level 5. HP: 25/41 MP: 4/9
  3823 | D:4      | Found a shattered altar of Ashenzari.
  3894 | D:4      | Found a glowing golden altar of the Shining One.
  4272 | D:4      | Reached XP level 6. HP: 49/50 MP: 7/11
  5012 | D:5      | Entered Level 5 of the Dungeon
  5039 | D:5      | Reached * piety under Vehumet
  5039 | D:5      | Offered knowledge of Sandblast by Vehumet.
  5042 | D:5      | Learned a level 1 spell: Sandblast
  5164 | D:4      | Reached XP level 7. HP: 49/57 MP: 13/13
  5208 | D:5      | Reached skill level 5 in Conjurations
  5397 | D:5      | Found a hazy altar of Hepliaklqana.
  5397 | D:5      | Found an ancient bone altar of Kikubaaqudgha.
  5548 | D:5      | Found a shadowy altar of Dithmenos.
  5600 | D:5      | Reached skill level 1 in Earth Magic
  5704 | D:5      | Found Ycug's Book Boutique.
  5978 | D:5      | Found a glowing silver altar of Zin.
  6089 | D:5      | Reached skill level 5 in Spellcasting
  6298 | D:5      | Reached XP level 8. HP: 60/66 MP: 15/15
  6388 | D:6      | Found a staircase to the Ecumenical Temple.
  6587 | Temple   | Entered the Ecumenical Temple
  6660 | D:6      | Noticed Prince Ribbit
  6902 | D:6      | Killed Prince Ribbit
  7224 | D:6      | Reached skill level 5 in Fighting
  7264 | D:6      | Offered knowledge of Shock by Vehumet.
  7280 | D:6      | Reached ** piety under Vehumet
  8071 | D:7      | Found a shimmering altar of Xom.
  8075 | D:7      | Reached XP level 9. HP: 74/74 MP: 14/18
  8132 | D:7      | Got a bloodstained ring mail
  8931 | D:7      | Identified the +3 ring mail "Wusaigix" {Str+2 Dex-3 Slay+3} (You found it on level 7 of the Dungeon)
  9004 | D:8      | Learned a level 1 spell: Shock
  9066 | D:8      | Reached skill level 1 in Short Blades
  9132 | D:8      | Noticed a centaur warrior
  9153 | D:8      | Killed a centaur warrior
  9370 | D:8      | Offered knowledge of Static Discharge by Vehumet.
  9393 | D:8      | Noticed Erica
  9432 | D:8      | Killed Erica
  9432 | D:8      | Reached XP level 10. HP: 52/84 MP: 21/21
  9881 | D:8      | Reached *** piety under Vehumet
 10223 | D:8      | Learned a level 3 spell: Static Discharge
 10376 | D:8      | Noticed a two-headed ogre
 10424 | D:8      | Killed a two-headed ogre
 10885 | D:9      | Offered knowledge of Stone Arrow by Vehumet.
 10890 | D:9      | Learned a level 3 spell: Stone Arrow
 11078 | D:9      | Noticed Joseph
 11184 | D:9      | Found a sparkling altar of Nemelex Xobeh.
 11428 | D:9      | Found a sacrificial altar of Ru.
 11587 | D:9      | Killed Joseph
 11587 | D:9      | Reached skill level 5 in Short Blades
 11609 | D:10     | Entered Level 10 of the Dungeon
 11609 | D:10     | Noticed a two-headed ogre
 11986 | D:10     | Learned a level 4 spell: Iskenderun's Mystic Blast
 11991 | D:10     | Learned a level 4 spell: Fulminant Prism
 12367 | D:9      | Learned a level 2 spell: Ensorcelled Hibernation
 12671 | D:9      | Learned a level 1 spell: Corona
 12743 | D:10     | Reached XP level 11. HP: 53/93 MP: 15/23
 13025 | D:10     | Noticed a lindwurm
 13025 | D:10     | Noticed a lindwurm
 13026 | D:10     | Noticed a lindwurm
 13027 | D:10     | Noticed a lindwurm
 13081 | D:10     | Reached skill level 1 in Hexes
 13089 | D:10     | Noticed Fannar
 13179 | D:10     | Noticed Sonja
 13199 | D:10     | Found Conkig's Armour Boutique.
 13199 | D:10     | Found a radiant altar of Vehumet.
 13220 | D:10     | Upgraded the game from 0.22-b1-59-g0aedee734a to 0.22.0
 14041 | D:10     | Reached **** piety under Vehumet
 14504 | D:10     | Noticed Psyche
 14725 | D:10     | Killed Psyche
 14832 | D:10     | Killed Fannar
 15344 | D:11     | Noticed an oklob plant
 15695 | D:11     | Offered knowledge of Airstrike by Vehumet.
 15706 | D:11     | Got a smoking helmet
 15707 | D:11     | Identified a scroll of acquirement
 15728 | D:11     | Learned a level 4 spell: Airstrike
 16044 | D:11     | Found a staircase to the Lair.
 16046 | D:11     | Noticed an oklob plant
 16062 | D:11     | Killed an oklob plant
 16694 | D:11     | Noticed a five-headed hydra
 16856 | D:11     | Killed a one-headed hydra
 17276 | D:11     | Found Vavvurch's General Store.
 17691 | D:11     | Noticed an eight-headed hydra
 17714 | D:11     | HP: 1/95 [seven-headed hydra (4)]
 17714 | D:11     | Mangled by a seven-headed hydra

Skill      XL: |  1  2  3  4  5  6  7  8  9 10 11 |
---------------+----------------------------------+-----
Spellcasting   | 2 3 4 5 6 7 8 9 |  9.0
Fighting       | 1 2 3 4 5 6 7 8 |  8.3
Conjurations   | 4 5 6 7 8 9 |  9.5
Earth Magic    | 2 |  2.0
Short Blades   | 3 5 |  5.3
Hexes          | 2 |  2.6
Dodging        | |  1.6
Stealth        | |  1.1

Action                   |  1- 3 |  4- 6 |  7- 9 | 10-12 || total
-------------------------+-------+-------+-------+-------++-------
Melee: Short sword       |    34 |   132 |   215 |    78 ||   459
       Kick              |     4 |    14 |    37 |    45 ||   100
       Scimitar          |       |       |       |   172 ||   172
 Cast: Magic Dart        |    74 |    55 |   171 |   124 ||   424
       Shock             |       |       |    20 |   244 ||   264
       Sandblast         |       |       |     3 |    28 ||    31
       Ensorcelled Hiber |       |       |       |     7 ||     7
       Fulminant Prism   |       |       |       |     3 ||     3
       Iskenderun's Myst |       |       |       |     2 ||     2
       Corona            |       |       |       |     2 ||     2
       Stone Arrow       |       |       |       |     1 ||     1
       Static Discharge  |       |       |       |     1 ||     1
       Airstrike         |       |       |       |     4 ||     4
Evoke: Wand              |       |       |       |    11 ||    11
  Use: Scroll            |     8 |     2 |     7 |     9 ||    26
       Potion            |       |       |     1 |    16 ||    17
 Stab: Sleeping          |       |       |       |     7 ||     7
       Paralysed         |       |       |       |    17 ||    17
  Eat: Chunk             |     4 |     8 |    13 |    16 ||    41
       Ration            |       |       |       |     2 ||     2
Armor: Robe              |    22 |    83 |   106 |   300 ||   511
       Ring mail         |       |       |    26 |       ||    26
Dodge: Dodged            |    27 |    61 |   124 |   141 ||   353
       Rpst.: Scimitar   |       |       |       |    29 ||    29
